 Dungeon Crawl Stone Soup version 0.29-a0-380-gf50f0a9fbc (webtiles) character file.

Game seed: 2965281613545994271

152311 pyrow613 the Severer (level 16, -5/150 (155) HPs)
             Began as a Demigod Fighter on May 3, 2022.
             Slain by a wolf spider (6 damage)
             ... led by a torpor snail
             ... on level 3 of the Spider Nest on May 5, 2022.
             The game lasted 02:43:51 (42270 turns).

pyrow613 the Severer (Demigod Fighter)             Turns: 42270, Time: 02:43:52

HP:   -5/150 (155)  AC: 31    Str: 33    XL:     16   Next: 47%
MP:   0/19          EV:  6    Int: 12    God:
Gold: 2623          SH:  0    Dex: 17    Spells: 15/15 levels left

rFire   + . .      SeeInvis .   b - +9 battleaxe (vorpal)
rCold   + . .      Faith    .   (shield currently unavailable)
rNeg    . . .      Spirit   +   J - +2 crystal plate armour
rPois   .          Reflect  .   o - +2 hat {Will+}
rElec   .          Harm     .   c - scarf {rC+ rF+}
rCorr   +          Rampage  ∞   l - +0 pair of gloves
Will    +++..      Rnd*Tele +   X - +3 pair of seven-league boots {Rampage+∞}
Stlth   ..........              N - amulet of guardian spirit
HPRegen 0.35/turn               m - ring of resist corrosion
MPRegen 0.16/turn               t - ring of willpower

@: lightly drained, invisible
A: high MP 1, forlorn, divine attributes, clever 1, teleportitis 1
a: no special abilities


You were on level 3 of the Spider Nest.
You visited 5 branches of the dungeon, and saw 28 of its levels.

You collected 4099 gold pieces.
You spent 1476 gold pieces at shops.

Inventory:

Hand Weapons
 a - a +1 broad axe of flaming
 b - a +9 vorpal battleaxe (weapon)
 f - the +6 broad axe of Xikastya {venom, rElec rPois rCorr Dex-5}
   (You found it on level 15 of the Dungeon)

   It poisons the flesh of those it strikes.
   Dex:       It affects your dexterity (-5).
   rElec:     It insulates you from electricity.
   rPois:     It protects you from poison.
   rCorr:     It protects you from acid and corrosion.
 y - the +3 broad axe of the Tomato {vorpal, rElec Int+5 Dex+3}
   (You found it on level 3 of the Lair of Beasts)

   It inflicts extra damage upon your enemies.
   Int:       It affects your intelligence (+5).
   Dex:       It affects your dexterity (+3).
   rElec:     It insulates you from electricity.
Missiles
 p - 3 throwing nets
 B - 5 curare-tipped darts
 H - 17 poisoned darts (quivered)
 U - 7 silver javelins
Armour
 c - a scarf of resistance (worn)
 l - a +0 pair of gloves (worn)
 o - a +2 hat of willpower (worn)
 J - a +2 crystal plate armour (worn)
 V - a +1 plate armour of positive energy
 W - a +0 kite shield of reflection
 X - the +3 pair of seven-league boots (worn) {Rampage+∞}
   (You acquired it on level 2 of the Orcish Mines)

   Its wearer moves as far as possible in that direction when moving towards
   enemies.
Jewellery
 e - a ring of poison resistance
 m - a ring of resist corrosion (left hand)
 t - a ring of willpower (right hand)
 w - a ring of see invisible
 G - a ring of positive energy
 N - an amulet of guardian spirit (around neck)
 R - a ring of magical power
Wands
 q - a wand of flame (34)
 E - a wand of iceblast (11)
 K - a wand of polymorph (13)
 S - a wand of digging (3)
 T - a wand of paralysis (22)
Scrolls
 g - 2 scrolls of brand weapon
 j - 5 scrolls of teleportation
 r - 5 scrolls of silence
 u - 3 scrolls of magic mapping
 A - 6 scrolls of poison
 C - 3 scrolls of enchant weapon
 F - 5 scrolls of amnesia
 I - 2 scrolls of fear
 M - 5 scrolls of fog
 O - 2 scrolls of summoning
 P - 7 scrolls of blinking
 Y - 3 scrolls of identify
Potions
 d - 2 potions of might
 h - 7 potions of lignification
 i - 5 potions of curing
 k - 11 potions of brilliance
 n - 7 potions of flight
 s - 6 potions of ambrosia
 z - 4 potions of magic
 D - 4 potions of cancellation
 Q - 4 potions of haste
Miscellaneous
 v - a phantom mirror
 x - a lightning rod (4/4)


   Skills:
 * Level 17.4 Fighting
 - Level 20.0 Axes
 + Level 11.9 Armour
 - Level 2.6 Shields


You had 15 spell levels left.
You didn't know any spells.
Your spell library contained the following spells:

 Spells                   Type           Power      Damage    Failure   Level
 Animate Skeleton         Necr           0%         N/A       99%         1
 Apportation              Tloc           0%         N/A       99%         1
 Beastly Appendage        Tmut           0%         N/A       99%         1
 Pain                     Necr           0%         1d4       99%         1
 Static Discharge         Conj/Air       0%         N/A       100%        2
 Wereblood                Tmut           0%         N/A       100%        2
 Call Canine Familiar     Summ           0%         N/A       100%        3
 Gell's Gravitas          Tloc           0%         N/A       100%        3
 Inner Flame              Hex/Fire       0%         N/A       100%        3
 Ozocubu's Armour         Ice            0%         N/A       100%        3
 Portal Projectile        Hex/Tloc       0%         N/A       100%        3
 Spider Form              Tmut/Pois      0%         N/A       100%        3
 Teleport Other           Tloc           0%         N/A       100%        3
 Vampiric Draining        Necr           0%         2d6       100%        3
 Cause Fear               Hex            0%         N/A       100%        4
 Fulminant Prism          Conj/Hex       0%         3d6       100%        4
 Hailstorm                Conj/Ice       0%         3d3       100%        4
 Ice Form                 Ice/Tmut       0%         N/A       100%        4
 Iskenderun's Mystic Bla  Conj/Tloc      0%         2d3       100%        4
 Leda's Liquefaction      Hex/Erth       0%         N/A       100%        4
 Alistair's Intoxication  Tmut/Pois      0%         N/A       100%        5
 Lee's Rapid Deconstruct  Erth           0%         3d5*      100%        5
 Lightning Bolt           Conj/Air       0%         1d11      100%        5
 Metabolic Englaciation   Hex/Ice        0%         N/A       100%        5
 Summon Forest            Summ/Tloc      0%         N/A       100%        5
 Dispersal                Tloc           0%         N/A       100%        6
 Eringya's Noxious Bog    Tmut/Pois      0%         N/A       100%        6
 Simulacrum               Ice/Necr       0%         N/A       100%        6
 Malign Gateway           Summ/Tloc      0%         N/A       100%        7
 Summon Hydra             Summ           0%         N/A       100%        7
 Discord                  Hex            0%         N/A       100%        8
 Maxwell's Capacitive Co  Air            0%         ∞         100%        8
 Summon Horrible Things   Summ           0%         N/A       100%        8


Dungeon Overview and Level Annotations

Branches:
Dungeon (15/15)            Temple (0/1) D:6            Lair (6/6) D:8
 Shoals (2/4) Lair:3       Spider (3/4) Lair:2        Slime (0/5) Lair:6
    Orc (2/2) D:11            Elf (0/3) Orc:2        Vaults (0/5) D:14
 Depths (0/4) D:15

Shops:
D:5 (   Orc:2 ?=[[


Innate Abilities, Weirdness & Mutations

You have an increased reservoir of magic. (+10% MP)
You shall have no god before yourself.
Your divine heritage dramatically boosts your attributes as you level up.
Your mind is acute. (Int +2)
You are occasionally teleported next to monsters.


Message History

You slash the broodmother!
The broodmother is moderately wounded.
You slash the wolf spider!
You feel strangely unstable.
You are yanked towards some nearby monsters!
Your surroundings suddenly seem different.
A redback and a wolf spider come into view.
Found a potion of invisibility.
The wolf spider hits you but does no damage.
The wolf spider bites you but does no damage.
You feel better.
You are no longer corroded.
The redback bites you.
* * * LOW HITPOINT WARNING * * *
You are lethally poisoned!
The redback poisons you! The wolf spider hits you.
* * * LOW HITPOINT WARNING * * *
The wolf spider bites you but does no damage.
The redback bites you but does no damage.
You feel better.
The wolf spider hits you but does no damage.
The wolf spider completely misses you. The redback bites you.
* * * LOW HITPOINT WARNING * * *
You are lethally poisoned!
The redback poisons you!
The wolf spider hits you but does no damage.
The wolf spider bites you but does no damage.
You feel better. The redback barely misses you. The wolf spider hits you.
* * * LOW HITPOINT WARNING * * *
The wolf spider bites you but does no damage.
The redback bites you but does no damage.
Unknown command.
You fade into invisibility!
The wolf spider hits you.
* * * LOW HITPOINT WARNING * * *
The wolf spider bites you but does no damage.
The redback bites you but does no damage.
The wolf spider hits you.
* * * LOW HITPOINT WARNING * * *
The wolf spider bites you.
You die...

### ..
##. ##
#. ....
#.
.#..#
#s#...#
#@s!.#
#..#.^#
##..
#..#
##..
... #.#
. ##


You could see a wolf spider (can't see you) and a redback (can't see you).

Vanquished Creatures
  Gastronok (Lair:3)
  A kraken (Shoals:1)
  Donald (Orc:2)
  Louise (D:13)
  An orc warlord (D:11)
  4 broodmothers
  An ironbound preserver (D:14)
  A juggernaut skeleton (D:15)
  A dire elephant (Lair:6)
  An entropy weaver (Spider:1)
  A merfolk impaler (Shoals:1)
  The ghost of Gelos the Destroyer, a journeyman HuCj of Hepliaklqana (Lair:3)
  Snorg (D:14)
  A fire dragon (Lair:6)
  10 hydras
  2 catoblepae
  3 ogre magi (Orc:2)
  4 boulder beetles
  2 merfolk avatars (Shoals:1)
  A radroach (Spider:1)
  2 death knights
  A merfolk aquamancer (Shoals:1)
  6 two-headed ogres
  A centaur warrior (D:15)
  14 death yaks
  A tengu warrior (D:13)
  Urug (Lair:5)
  The ghost of pigah the Zephyrmancer, a novice OpAE of Gozag (D:8)
  The ghost of NateTC the Protected, a novice HOFi of Cheibriados (D:6)
  6 skeletal warriors
  A spark wasp zombie (D:15)
  A sun moth (Spider:1)
  3 sea snakes (Shoals:1)
  2 pharaoh ants
  3 steelbarb worms (Spider:1)
  4 orb spiders (Spider:1)
  A phantasmal warrior (D:15)
  A wizard (D:14)
  2 lindwurms (Lair:6)
  A swamp dragon (Lair:6)
  6 harpies (Shoals:1)
  A necromancer (D:15)
  11 cyclopes
  A stone giant zombie (D:15)
  9 orc sorcerers
  An oklob plant (Lair:4)
  A deep elf pyromancer (D:14)
  18 ugly things
  7 wolf spiders
  6 manticores
  A faun (Shoals:1)
  7 black mambas
  A frost giant skeleton (D:15)
  15 elephants
  4 torpor snails
  6 gargoyles
  Joseph (D:9)
  4 molten gargoyles (D:10)
  Maggie (D:7)
  16 cane toads
  5 demonic crawlers
  An unseen horror (shapeshifter) (D:13)
  An unseen horror (D:10)
  A kobold demonologist (D:13)
  2 freezing wraiths
  16 komodo dragons
  3 efreet
  11 rime drakes
  A queen bee (Lair:1)
  9 trolls
  3 wind drakes
  5 merfolk (Shoals:1)
  2 polar bears (Lair:4)
  8 blink frogs
  9 meliai
  9 tarantellas
  A hornet (D:7)
  12 slime creatures
  8 dream sheep
  11 jumping spiders (Spider:1)
  10 culicivoras
  A wraith (D:15)
  4 wyverns
  2 vampires
  6 water elementals (Shoals:1)
  A shadow (D:8)
  14 basilisks
  56 yaks
  2 steam dragons
  10 vampire mosquitoes
  Grum (D:8)
  12 redbacks
  A warg (Orc:1)
  5 acid dragons
  16 water moccasins
  2 ice beasts
  20 orc warriors
  5 black bears
  A sky beast (D:5)
  35 wolves
  5 ogres
  3 centaurs
  11 bullfrogs
  2 gnoll sergeants
  2 kobold brigands
  3 necrophages
  3 scorpions
  7 wights
  22 killer bees
  9 howler monkeys
  5 electric eels
  5 hounds
  15 orc priests
  3 jellies (D:8)
  A gnoll shaman (D:8)
  5 iguanas
  47 orc wizards
  9 hell rats
  Robin (D:3)
  13 gnolls
  8 adders
  7 river rats (Lair:2)
  A shadow imp (D:7)
  3 white imps
  An ufetubus (D:6)
  2 worms (D:2)
  2 dart slugs
  79 orcs
  7 ball pythons
  11 endoplasms
  2 giant cockroaches
  12 goblins
  11 hobgoblins
  A jackal (D:4)
  2 quokkas (D:1)
  5 bats
  3 frilled lizards
  16 kobolds
  2 rats
  A tentacle (Shoals:1)
878 creatures vanquished.

Vanquished Creatures (others)
  A troll (D:14)
  An orc (D:7)
  A bush (D:8)
  27 fungi
  97 plants
  11 tentacles (Shoals:1)
  4 withered plants
142 creatures vanquished.

Grand Total: 1020 creatures vanquished

Notes
Turn   | Place    | Note
-------+----------+-------------------------------------------
     0 | D:1      | pyrow613 the Demigod Fighter began the quest for the Orb.
     0 | D:1      | Reached XP level 1. HP: 18/18 MP: 3/3
   153 | D:1      | Reached skill level 2 in Axes
   408 | D:1      | Reached XP level 2. HP: 25/25 MP: 4/4
  1126 | D:2      | Reached skill level 3 in Axes
  1126 | D:2      | Reached XP level 3. HP: 25/31 MP: 5/5
  2215 | D:3      | Reached XP level 4. HP: 35/38 MP: 6/6
  2300 | D:3      | Noticed Robin
  2317 | D:3      | Killed Robin
  2320 | D:3      | Reached skill level 4 in Axes
  3136 | D:4      | Noticed a black bear
  3142 | D:4      | Killed a black bear
  3143 | D:4      | Reached XP level 5. HP: 30/46 MP: 7/7
  3269 | D:4      | Reached skill level 5 in Axes
  3550 | D:4      | Reached XP level 6. HP: 31/52 MP: 8/8
  4187 | D:5      | Entered Level 5 of the Dungeon
  4689 | D:5      | Found Fauzeosk's Hydra Hut.
  4691 | D:5      | Noticed a seven-headed hydra
  4694 | D:5      | Bought a +1 broad axe of flaming for 142 gold pieces
  4707 | D:5      | Reached skill level 6 in Axes
  4762 | D:5      | Reached XP level 7. HP: 48/60 MP: 9/9
  4774 | D:5      | Reached skill level 5 in Fighting
  5123 | D:5      | Reached skill level 7 in Axes
  5157 | D:5      | Noticed a two-headed ogre
  5160 | D:5      | HP: 1/61 [two-headed ogre/+0 giant club (21)]
  5532 | D:5      | Killed a two-headed ogre
  5533 | D:5      | Reached skill level 8 in Axes
  5533 | D:5      | Reached XP level 8. HP: 6/70 MP: 10/10
  6230 | D:6      | Found a staircase to the Ecumenical Temple.
  6361 | D:6      | Noticed NateTC's ghost (novice HOFi)
  6364 | D:6      | Found a runed translucent door.
  6406 | D:6      | Reached skill level 9 in Axes
  7215 | D:7      | Reached XP level 9. HP: 79/79 MP: 11/11
  7415 | D:7      | Noticed Maggie
  7439 | D:7      | Killed Maggie
  7440 | D:7      | Reached skill level 10 in Axes
  8466 | D:7      | Reached skill level 11 in Axes
  9499 | D:8      | Reached skill level 12 in Axes
  9500 | D:8      | Reached XP level 10. HP: 84/86 MP: 13/13
  9571 | D:8      | Upgraded the game from 0.29-a0-375-g5102b3be25 to
                  | 0.29-a0-378-gc08b2e8bf8
  9584 | D:8      | Found a staircase to the Lair.
  9840 | D:8      | Noticed a two-headed ogre
  9841 | D:8      | Noticed pigah's ghost (novice OpAE)
  9843 | D:8      | Found a transporter.
  9849 | D:8      | Found a transporter.
  9930 | D:8      | Noticed Grum
  9932 | D:8      | Reached skill level 13 in Axes
  9942 | D:8      | Killed Grum
 10373 | Lair:1   | Entered Level 1 of the Lair of Beasts
 10833 | Lair:1   | Reached skill level 14 in Axes
 11225 | Lair:1   | Noticed a black mamba
 11234 | Lair:1   | Killed a black mamba
 11432 | Lair:1   | Reached XP level 11. HP: 92/92 MP: 14/14
 11721 | Lair:1   | Reached skill level 15 in Axes
 12773 | D:6      | Killed NateTC's ghost
 13166 | D:9      | Noticed Joseph
 13202 | D:9      | Killed Joseph
 13398 | D:9      | Identified the +3 trident of the Immovable Spirits {venom,
                  | rN+ SInv}
 13755 | D:9      | Noticed a two-headed ogre
 13772 | D:9      | Killed a two-headed ogre
 13773 | D:9      | Reached skill level 16 in Axes
 14089 | D:10     | Entered Level 10 of the Dungeon
 16278 | Lair:2   | Noticed a catoblepas
 16295 | Lair:2   | Killed a catoblepas
 16296 | Lair:2   | Reached skill level 17 in Axes
 16388 | Lair:2   | Noticed a six-headed hydra
 16407 | Lair:1   | Reached XP level 12. HP: 54/100 MP: 8/15
 16598 | Lair:2   | Found a hole to the Spider Nest.
 16607 | Lair:2   | Killed a two-headed hydra
 17505 | Lair:2   | Reached skill level 18 in Axes
 18066 | Lair:2   | Noticed a seven-headed hydra
 18078 | Lair:2   | Killed a three-headed hydra
 18637 | Lair:3   | Noticed Gastronok
 18676 | Lair:3   | Killed Gastronok
 19170 | Lair:3   | Found a runed translucent gate.
 19170 | Lair:3   | Found a runed translucent gate.
 19171 | Lair:3   | Found a runed translucent gate.
 19172 | Lair:3   | Noticed a 12-headed hydra
 19172 | Lair:3   | Noticed a ten-headed hydra
 19172 | Lair:3   | Noticed Gelos's ghost (journeyman HuCj)
 19280 | Lair:3   | Found a staircase to the Shoals.
 19313 | Lair:3   | Reached skill level 19 in Axes
 20184 | Lair:3   | Killed an 11-headed hydra
 20188 | Lair:3   | Killed a five-headed hydra
 20194 | Lair:3   | Killed Gelos's ghost
 20195 | Lair:3   | Reached XP level 13. HP: 29/105 MP: 2/16
 20501 | Lair:3   | Identified the +3 broad axe of the Tomato {vorpal, rElec
                  | Int+5 Dex+3}
 20898 | Lair:4   | Reached skill level 20 in Axes
 23994 | Lair:5   | Noticed Urug
 24019 | Lair:5   | Killed Urug
 24579 | Lair:5   | Reached skill level 5 in Armour
 25485 | D:11     | Reached skill level 10 in Fighting
 26002 | D:11     | Found a staircase to the Orcish Mines.
 26261 | Orc:1    | Entered Level 1 of the Orcish Mines
 26501 | Orc:1    | Noticed an orc warlord
 26683 | D:11     | Reached XP level 14. HP: 101/122 MP: 13/17
 26692 | D:11     | Killed an orc warlord
 27112 | Orc:2    | Entered Level 2 of the Orcish Mines
 27119 | Orc:2    | Noticed Donald
 27134 | Orc:2    | Killed Donald
 27680 | Orc:2    | Found a staircase to the Elven Halls.
 28096 | Orc:2    | Found Cixim's Antique Armour Boutique.
 28108 | Orc:2    | Bought an embroidered scarf for 200 gold pieces
 28216 | Orc:2    | Found Sixkisia's Jewellery Boutique.
 28386 | Orc:2    | Found Xefrois's Magic Scroll Shop.
 28394 | Orc:2    | Bought a scroll of acquirement for 936 gold pieces
 28394 | Orc:2    | Bought a scroll of blinking for 135 gold pieces
 28394 | Orc:2    | Bought a scroll of fear for 63 gold pieces
 28395 | Orc:2    | Acquired the +3 pair of seven-league boots {Rampage+∞}
 28395 | Orc:2    | Found the +3 pair of seven-league boots {Rampage+∞}
 28432 | Orc:2    | Found Nuuwk's Antique Armour Shop.
 29166 | D:11     | Gained mutation: Your flesh is cold resistant. (rC+)
                  | [potion of mutation]
 29166 | D:11     | Gained mutation: Your muscles are strong. (Str +2) [potion
                  | of mutation]
 29166 | D:11     | Gained mutation: Your muscles are very strong. (Str +4)
                  | [potion of mutation]
 29166 | D:11     | Gained mutation: Your flesh is very cold resistant. (rC++)
                  | [potion of mutation]
 30181 | Lair:3   | Lost mutation: Your muscles are very strong. (Str +4)
                  | [potion of mutation]
 30181 | Lair:3   | Lost mutation: Your flesh is very cold resistant. (rC++)
                  | [potion of mutation]
 30181 | Lair:3   | Gained mutation: You passively dampen the noise of your
                  | surroundings. [potion of mutation]
 30181 | Lair:3   | Gained mutation: Your body sometimes deteriorates upon
                  | taking damage. [potion of mutation]
 30182 | Lair:3   | Lost mutation: Your flesh is cold resistant. (rC+) [potion
                  | of mutation]
 30182 | Lair:3   | Lost mutation: Your muscles are strong. (Str +2) [potion of
                  | mutation]
 30182 | Lair:3   | Lost mutation: You passively dampen the noise of your
                  | surroundings. [potion of mutation]
 30182 | Lair:3   | Gained mutation: You are partially covered in large bone
                  | plates. (SH +4) [potion of mutation]
 30183 | Lair:3   | Lost mutation: You are partially covered in large bone
                  | plates. (SH +4) [potion of mutation]
 30183 | Lair:3   | Lost mutation: Your body sometimes deteriorates upon taking
                  | damage. [potion of mutation]
 30183 | Lair:3   | Gained mutation: You are robust. (+10% HP) [potion of
                  | mutation]
 30183 | Lair:3   | Gained mutation: Your body sometimes deteriorates upon
                  | taking damage. [potion of mutation]
 30183 | Lair:3   | Gained mutation: Your system is resistant to poisons.
                  | (rPois) [potion of mutation]
 30231 | Shoals:1 | Entered Level 1 of the Shoals
 30734 | Shoals:1 | Noticed a kraken
 30870 | Spider:1 | Entered Level 1 of the Spider Nest
 30964 | Spider:1 | Noticed a broodmother
 30979 | Spider:1 | Killed a broodmother
 31832 | Spider:1 | Noticed a broodmother
 31848 | Spider:1 | Killed a broodmother
 32293 | Spider:1 | Noticed a broodmother
 32303 | Spider:1 | Reached XP level 15. HP: 90/150 MP: 13/18
 34025 | D:8      | Killed pigah's ghost
 35145 | D:14     | Noticed Snorg
 35173 | D:14     | Killed Snorg
 35529 | D:14     | Noticed Louise
 35592 | D:13     | Killed Louise
 35849 | D:14     | Reached skill level 15 in Fighting
 36035 | D:14     | Reached skill level 10 in Armour
 36248 | D:14     | Found a gate to the Vaults.
 36624 | D:14     | Acquired 811 gold pieces
 36630 | D:15     | Entered Level 15 of the Dungeon
 36847 | D:15     | Identified the +6 broad axe of Xikastya {venom, rElec rPois
                  | rCorr Dex-5}
 36852 | D:15     | Upgraded the game from 0.29-a0-378-gc08b2e8bf8 to
                  | 0.29-a0-380-gf50f0a9fbc
 36900 | D:15     | Found a staircase to the Depths.
 37358 | D:15     | Lost mutation: Your system is resistant to poisons. (rPois)
                  | [potion of mutation]
 37358 | D:15     | Lost mutation: You are robust. (+10% HP) [potion of
                  | mutation]
 37358 | D:15     | Gained mutation: You have supernaturally acute eyesight.
                  | (SInv) [potion of mutation]
 37358 | D:15     | Gained mutation: You are clumsy. (Dex -2) [potion of
                  | mutation]
 37358 | D:15     | Gained mutation: Your spells are a little harder to cast,
                  | but a little more powerful. [potion of mutation]
 37358 | D:15     | Lost mutation: You are clumsy. (Dex -2) [potion of
                  | mutation]
 38303 | Lair:6   | Entered Level 6 of the Lair of Beasts
 38765 | Lair:6   | Identified the +3 chain mail of the Iron City of Dis {Fly
                  | rN+ rCorr Dex-3}
 39128 | Lair:6   | Reached XP level 16. HP: 152/152 MP: 19/19
 39679 | Lair:6   | Found a staircase to the Slime Pits.
 39904 | Lair:6   | Lost mutation: You have supernaturally acute eyesight.
                  | (SInv) [potion of mutation]
 39904 | Lair:6   | Lost mutation: Your spells are a little harder to cast, but
                  | a little more powerful. [potion of mutation]
 39904 | Lair:6   | Lost mutation: Your body sometimes deteriorates upon taking
                  | damage. [potion of mutation]
 39904 | Lair:6   | Gained mutation: You are occasionally teleported next to
                  | monsters. [potion of mutation]
 39904 | Lair:6   | Gained mutation: Your mind is acute. (Int +2) [potion of
                  | mutation]
 40915 | Shoals:1 | Killed a kraken
 41619 | Shoals:1 | You fall into a shaft and drop 1 floor!
 42265 | Spider:3 | HP: 2/150 [broodmother (14)]
 42270 | Spider:3 | HP: 6/150 [wolf spider[a torpor snail] (6)]
 42270 | Spider:3 | HP: 1/150 [wolf spider[a torpor snail] (5)]
 42270 | Spider:3 | Slain by a wolf spider

Illustrated notes

Levels and vault maps discovered:
D:1:      minmay_arrival_doors, layout_loops_cross
D:2:      layout_basic
D:3:      layout_rooms, marbit_many_paths,
          shapermc_ecumenical_altar_mp_vishouse, hangedman_glass_teeth,
          uniq_robin
D:4:      layout_loops_ring, minmay_box_of_dots
D:5:      layout_loops_cross, ashenzari_conservatory_becter,
          okawaru_altar_gauntlet_db, kennysheep_path_1, doesnt_shop_hydraphobe
D:6:      layout_loops_ring, grunt_temple_overflow_open,
          minmay_temple_entry_junction_2, hellmonk_ghost_happy_afterlife,
          kennysheep_minor_cross, nicolae_lava_and_water
D:7:      layout_loops_ring, uniq_maggie
D:8:      layout_loops_ring, kennysheep_mini, minmay_lair_entry_grove,
          gammafunk_ghost_smash, uniq_grum
D:9:      layout_irregular_city, uniq_joseph
D:10:     layout_roguey, minivault_8
D:11:     layout_gridville, david_orc_4
D:12:     layout_big_octagon, minivault_10
D:13:     layout_gridville, minmay_fountain_box, patterned_corridor
D:14:     layout_rooms, skrybe_vaults_entry_preservation,
          minmay_misc_feat_hallway, uniq_louise, uniq_snorg
D:15:     gammafunk_depths_entry_grave, layout_loops_ring, minivault_24
Lair:1:   layout_gridlike, special_room [special_room_bee],
          chequers_serial_rivers_large_b
Lair:2:   nzn_winding_woodlands_small [nzn_winding_woodlands_5x15_eye,
          nzn_winding_woodlands_center_pierced_h,
          nzn_winding_woodlands_5x15_pathside_ponds], layout_misc_corridors,
          spider_nest_entry_web_field, kennysheep_rathole,
          infiniplex_staircase_pool_2, serial_bayou_shore_b
Lair:3:   layout_chaotic_city, minmay_shoals_entry_beasts,
          gammafunk_ghost_hydra_chop, lemuel_fruit_fields, serial_bayou_shore_a,
          lemuel_fruit_tree, grunt_megastairs_2, infiniplex_staircase_pool,
          uniq_gastronok
Lair:4:   layout_loops_ring, serial_bayou, serial_bayou_lake_a,
          serial_bayou_lagoon_a, serial_bayou_shore_b, serial_bayou_crossing
Lair:5:   layout_hall_layers, grunt_forest_large_clearings, uniq_urug
Lair:6:   guppyfry_lair_end_dragon, layout_hall_layers,
          hangedman_lair_in_review, minmay_slime_entry_pillars
Shoals:1: layout_shoals, argonaut_gorgonesque
Shoals:2: layout_shoals, uniq_polyphemus, uniq_ilsuiw, uniq_roxanne
Spider:1: layout_spider_delve
Spider:2: layout_spider_delve, nicolae_spider_claw_tunnel
Spider:3: layout_spider_delve, hellmonk_spider_spawner
Orc:1:    layout_caves
Orc:2:    kennysheep_orc_mage_school, layout_caves, uniq_donald

Skill      XL: |  1  2  3  4  5  6  7  8  9 10 11 12 13 14 15 16 |
---------------+-------------------------------------------------+-----
Axes           | 2 3 4 5 6 8 9 12 14 17 19 20 | 20.0
Fighting       | 3 4 6 7 10 13 16 17 | 17.4
Armour         | 6 8 11 | 11.9
Shields        | |  2.6

Action                   |  1- 3 |  4- 6 |  7- 9 | 10-12 | 13-15 | 16-18 || total
-------------------------+-------+-------+-------+-------+-------+-------++-------
Melee: War axe           |   128 |   113 |       |       |       |       ||   241
       Broad axe         |       |    11 |   175 |    16 |    25 |    19 ||   246
       Battleaxe         |       |       |    87 |   519 |  1081 |   232 ||  1919
       Punch             |       |       |       |     1 |       |       ||     1
Throw: Dart              |       |       |     8 |    24 |     2 |       ||    34
Evoke: Wand              |       |     1 |     6 |    21 |     6 |       ||    34
       Phantom mirror    |       |       |       |     1 |       |       ||     1
  Use: Scroll            |       |     1 |    15 |    13 |    12 |     2 ||    43
       Potion            |       |       |       |     7 |    12 |     6 ||    25
 Stab: Fleeing           |       |       |       |     1 |       |       ||     1
       Paralysed         |       |       |       |       |     5 |       ||     5
Armor: Scale mail        |    55 |       |       |       |       |       ||    55
       Leather armour    |     8 |    49 |       |       |       |       ||    57
       Chain mail        |       |    13 |    88 |       |       |       ||   101
       Plate armour      |       |       |    56 |   271 |   219 |       ||   546
       Crystal plate arm |       |       |       |       |   510 |   184 ||   694
Dodge: Dodged            |    53 |    70 |    89 |   145 |   255 |    51 ||   663
Block: Buckler           |    29 |    31 |    39 |     1 |       |       ||   100

Table legend: (Time is in decaauts)
 A = Elapsed time spent in this place.
 B = Non-inter-level travel time spent in this place.
 C = Inter-level travel time spent in this place.
 D = Time resting spent in this place.
 E = Time spent auto-exploring this place.
 F = Levels seen in this place.
 G = Mean time per level.
                   A        B        C        D        E       F      G
               +--------+--------+--------+--------+--------+-----+--------+
         Total |  42269 |  39627 |   2642 |  13302 |  20023 |  28 | 1509.6 |
       Dungeon |  21205 |  19874 |   1331 |   6262 |  10433 |  15 | 1413.7 |
          Lair |  13433 |  12702 |    731 |   4867 |   5741 |   6 | 2238.8 |
        Shoals |   2079 |   1962 |    117 |   1036 |    707 |   2 | 1039.5 |
   Spider Nest |   3288 |   3008 |    280 |    952 |   1686 |   3 | 1096.0 |
  Orcish Mines |   2262 |   2081 |    181 |    185 |   1455 |   2 | 1131.0 |
               +--------+--------+--------+--------+--------+-----+--------+

Top non-repeatable levels by time:
Spider:1: 3128 daAuts
  Lair:4: 2957 daAuts
  Lair:3: 2788 daAuts
     D:8: 2481 daAuts
  Lair:1: 2240 daAuts
  Lair:2: 2234 daAuts
Shoals:1: 2071 daAuts
  Lair:6: 2032 daAuts
    D:11: 1735 daAuts
   Orc:2: 1719 daAuts
     D:4: 1692 daAuts
     D:6: 1551 daAuts
     D:7: 1515 daAuts
    D:10: 1513 daAuts
    D:13: 1509 daAuts
